AoeStats
← Bear

Black Forest

510788687Analyzed
4v4 RM · 7h ago on Oct 2, 2026· 44m 4s· 8 players
Game mode
Random Map
Map size
Large (8 player)
Population
200
Speed
Normal
Resources
Standard
Victory
Conquest
Starting age
Dark Age
Ending age
Imperial Age
RankedLock teamsTeams togetherTeam positionsShared explorationLock speedFull tech treeHidden civsTurbo modeCheats
Victory
Defeat
🇲🇽 Lithuanians · Mexico
1462
+15
🇹🇷 Mongols · Türkiye
1447
+15
🇨🇳 Saracens · China
1413
+17
🇫🇷 Burgundians · France
1398
+17
🇦🇷 Franks · Argentina
1506
-19
🇨🇳 Berbers · China
1481
-18
🇭🇰 Britons · Hong Kong SAR China
1376
-14
🇦🇷 Franks · Argentina
1366
-13
Manu
10:33 Feudal Age
14:56 Castle Age
13:01 Double-Bit Axe
13:05 Horse Collar
22:26 Wheelbarrow
23:29 Heavy Plow
25:58 Hand Cart
26:06 Bow Saw
26:50 Stone Mining
30:02 Imperial Age
27:18 Loom
27:19 Town Watch
27:41 Scale Barding Armor
27:47 Bloodlines
27:38 Husbandry
28:48 Chain Barding Armor
28:39 Forging
29:20 Stone Shaft Mining
28:36 Gold Mining
30:12 Treadmill Crane
30:25 Fletching
31:12 Iron Casting
32:16 Plate Barding Armor
32:27 Crop Rotation
33:03 Two-Man Saw
32:37 Fletching
34:13 Chemistry
34:14 Bodkin Arrow
34:47 Conscription
34:43 Masonry
34:54 Ballistics
34:18 Elite Leitis
35:11 Bracer
37:15 Padded Archer Armor
42:49 Architecture
44:15 Hoardings
xinyuan.zhao22
0:27 Loom
9:48 Feudal Age
10:24 Double-Bit Axe
13:41 Fletching
24:11 Castle Age
22:52 Horse Collar
23:08 Gold Mining
24:58 Wheelbarrow
25:19 Bow Saw
28:50 Heavy Plow
30:04 Hand Cart
34:48 Imperial Age
32:07 Town Watch
33:06 Forging
33:01 Scale Barding Armor
33:54 Gold Shaft Mining
34:46 Town Patrol
34:52 Padded Archer Armor
35:07 Onager
39:09 Chemistry
38:19 Caravan
40:39 Two-Man Saw
40:15 Coinage
40:33 Leather Archer Armor
41:03 Siege Engineers
41:58 Ring Archer Armor
bao
4:32 Double-Bit Axe
10:15 Wheelbarrow
12:25 Feudal Age
10:53 Horse Collar
13:41 Bow Saw
13:54 Hand Cart
14:20 Loom
17:05 Castle Age
15:31 Horse Collar
16:25 Heavy Plow
24:29 Two-Man Saw
24:42 Gold Mining
27:10 Gold Shaft Mining
29:47 Imperial Age
27:57 Husbandry
27:18 Cavalier
28:09 Forging
28:05 Scale Barding Armor
28:35 Town Watch
29:27 Iron Casting
28:44 Stone Mining
29:56 Chain Barding Armor
29:58 Paladin
32:51 Blast Furnace
32:27 Plate Barding Armor
34:56 Conscription
34:45 Burgundian Vineyards
35:01 Conscription
34:05 Light Cavalry
34:53 Hussar
KhanShinnok
1:13 Loom
11:46 Feudal Age
13:08 Double-Bit Axe
16:02 Castle Age
15:06 Horse Collar
24:56 Imperial Age
23:01 Fletching
24:13 Bodkin Arrow
24:21 Padded Archer Armor
25:06 Ballistics
24:47 Gold Mining
27:08 Bracer
31:22 Chemistry
30:43 Leather Archer Armor
42:36 Wheelbarrow
42:40 Gold Shaft Mining
43:28 Bow Saw
43:52 Siege Engineers
Bear
0:28 Loom
12:53 Feudal Age
17:47 Castle Age
16:04 Double-Bit Axe
22:32 Wheelbarrow
24:01 Fortified Wall
27:28 Hand Cart
27:34 Murder Holes
29:58 Padded Archer Armor
29:50 Fletching
29:28 Elite Skirmisher
32:50 Pikeman
302
11:26 Feudal Age
15:32 Castle Age
13:41 Double-Bit Axe
13:36 Horse Collar
16:29 Bow Saw
16:55 Wheelbarrow
28:00 Imperial Age
25:22 Loom
25:46 Gold Mining
26:36 Hand Cart
26:37 Fletching
26:48 Padded Archer Armor
27:35 Ballistics
28:06 Bodkin Arrow
28:27 Leather Archer Armor
28:15 Elite Longbowman
30:00 Bracer
31:12 Chemistry
33:03 Warwolf
34:12 Scale Mail Armor
34:22 Forging
34:43 Ring Archer Armor
34:30 Pikeman
34:55 Arson
35:11 Squires
35:27 Chain Mail Armor
35:12 Halberdier
36:58 Iron Casting
40:10 Plate Mail Armor
40:40 Blast Furnace
39:12 Elite Skirmisher
Politox
7:03 Loom
11:46 Feudal Age
15:46 Castle Age
13:54 Scale Barding Armor
14:00 Forging
13:42 Double-Bit Axe
15:09 Forging
16:43 Bow Saw
20:03 Chain Barding Armor
22:26 Wheelbarrow
21:59 Gold Mining
23:17 Fervor
26:26 Hand Cart
26:55 Stone Mining
27:41 Gold Shaft Mining
32:47 Imperial Age
31:04 Iron Casting
32:38 Husbandry
34:14 Plate Barding Armor
34:40 Blast Furnace
33:02 Cavalier
34:44 Chemistry
33:49 Chivalry
34:10 Conscription
34:04 Caravan
34:35 Coinage
34:14 Paladin
34:44 Treadmill Crane
36:17 Siege Engineers
36:44 Banking
38:56 Light Cavalry
42:11 Masonry
Tachibana Kanade
2:00 Loom
10:32 Feudal Age
10:33 Man-at-Arms
12:46 Double-Bit Axe
12:53 Fletching
20:30 Horse Collar
25:16 Castle Age
25:08 Gold Mining
26:47 Bow Saw
26:41 Heavy Plow
28:51 Gold Shaft Mining
28:09 Stone Mining
32:18 Imperial Age
33:03 Bodkin Arrow
38:00 Stone Shaft Mining
38:36 Bracer
38:36 Padded Archer Armor
39:59 Chemistry
39:20 Ballistics
43:28 Elite Camel Archer
43:35 Elite Camel Archer
Connection lost

Rejoining the realm…

Still unreachable

The connection could not be restored.

Session expired

The server has moved on; the page needs a fresh start.